AoeStats
← Arman Tsarukyan

Arena

508585872Analyzed
3v3 RM · 9d ago on Sep 23, 2026· 28m 6s· 6 players
Game mode
Random Map
Map size
Normal (6 player)
Population
200
Speed
Normal
Resources
Standard
Victory
Conquest
Starting age
Dark Age
Ending age
Imperial Age
RankedLock teamsTeams togetherTeam positionsShared explorationLock speedFull tech treeHidden civsTurbo modeCheats
Victory
Defeat
🇨🇱 Mongols · Chile
822
+10
🇨🇱 Romans · Chile
787
+11
🇨🇱 Cumans · Chile
777
+12
🇨🇱 Romans · Chile
748
-14
🇺🇸 Huns · United States
652
-10
🇵🇷 Koreans · Puerto Rico
638
-9
Butch
3:04 Loom
12:51 Feudal Age
13:37 Double-Bit Axe
13:33 Horse Collar
20:40 Castle Age
21:01 Wheelbarrow
22:13 Bow Saw
22:05 Heavy Plow
22:02 Stone Mining
22:03 Gold Mining
22:57 Hand Cart
23:25 Caravan
26:50 Gold Shaft Mining
danielrojaslaw
0:31 Loom
13:00 Feudal Age
14:24 Wheelbarrow
13:36 Horse Collar
13:43 Double-Bit Axe
13:50 Gold Mining
21:11 Castle Age
20:11 Stone Mining
20:34 Forging
20:25 Scale Mail Armor
20:48 Man-at-Arms
23:01 Heavy Plow
23:27 Bow Saw
Cyrusthegreat
12:21 Feudal Age
13:47 Horse Collar
13:58 Double-Bit Axe
14:38 Stone Mining
19:02 Wheelbarrow
23:48 Castle Age
22:10 Forging
25:30 Hand Cart
25:38 Hand Cart
25:27 Heavy Plow
Arman Tsarukyan
5:06 Loom
12:20 Feudal Age
13:03 Double-Bit Axe
13:00 Horse Collar
13:13 Gold Mining
14:10 Stone Mining
15:10 Wheelbarrow
22:18 Castle Age
20:33 Padded Archer Armor
20:24 Fletching
22:23 Scale Barding Armor
24:01 Bow Saw
24:04 Bodkin Arrow
24:25 Leather Archer Armor
25:48 Town Watch
26:43 Gold Shaft Mining
26:47 Stone Shaft Mining
26:25 Caravan
yakuza
10:16 Feudal Age
11:19 Double-Bit Axe
11:16 Horse Collar
13:14 Wheelbarrow
19:45 Castle Age
20:25 Loom
20:58 Hand Cart
20:46 Heavy Plow
20:58 Bow Saw
22:19 Husbandry
23:18 Forging
23:15 Scale Barding Armor
23:37 Gold Mining
26:52 Iron Casting
28:28 Stone Mining
29:18 Gold Shaft Mining
Chapulín
3:13 Loom
9:31 Feudal Age
9:13 Loom
10:30 Double-Bit Axe
13:21 Horse Collar
20:35 Castle Age
20:50 Forging
20:46 Pikeman
21:27 Squires
21:58 Scale Mail Armor
22:27 Bow Saw
25:33 Bloodlines
Connection lost

Rejoining the realm…

Still unreachable

The connection could not be restored.

Session expired

The server has moved on; the page needs a fresh start.